 Dungeon Crawl Stone Soup version 0.20.0-15-g7f486f2 (webtiles) character file.

1902 skittles the Arsonist (level 8, -1/57 HPs)
             Began as a Pale Draconian Fire Elementalist on June 15, 2017.
             Was an Initiate of Vehumet.
             Hit by a large rock thrown by a cyclops (17 damage)
             ... on level 11 of the Dungeon.
             The game lasted 00:23:37 (8755 turns).

skittles the Arsonist (DrFE)                        Turns: 8755, Time: 00:23:38

Health: -1/57      AC:  6    Str: 10    XL:     8   Next: 94%
Magic:  17/17      EV: 12    Int: 18    God:    Vehumet [......]
Gold:   403        SH:  0    Dex: 12    Spells: 6/19 levels left

rFire    . . .     SeeInvis .   m - +0 spear (freeze)
rCold    . . .     Gourm    .   (no shield)
rNeg     . . .     Faith    .   (armour unavailable)
rPois    +         Spirit   .   (helmet restricted)
rElec    .         Reflect  .   (no cloak)
rCorr    .         Harm     .   (no gloves)
MR       .....                  (no boots)
Stlth    ++........             z - amulet of regeneration
Regen    0.6/turn               (no ring)
MPRegen  0.2/turn               n - ring of poison resistance

@: no status effects
A: breathe steam, unfitting armour, cold-blooded, AC +6
a: Breathe Steam, Renounce Religion


You were on level 11 of the Dungeon.
You worshipped Vehumet.
Vehumet was noncommittal.
You were not hungry.

You visited 2 branches of the dungeon, and saw 10 of its levels.

You collected 403 gold pieces.

Inventory:

Hand Weapons
 m - a +0 spear of freezing (weapon)
 s - a +1 falchion of holy wrath
Magical Staves
 F - an uncursed staff of poison
Jewellery
 n - a ring of poison resistance (right hand)
 v - an uncursed ring of flight
 z - an amulet of regeneration (around neck)
Wands
 B - a wand of flame (22/48)
Scrolls
 d - 2 scrolls of fog {unknown}
 f - 4 scrolls of remove curse
 h - 4 scrolls of teleportation
 l - a scroll of magic mapping {unknown}
 o - 2 scrolls of immolation {unknown}
 r - 2 scrolls of random uselessness {unknown}
 t - a scroll of noise {unknown}
 u - a scroll of amnesia {unknown}
 x - 3 scrolls of identify
 y - 2 scrolls of fear {unknown}
 C - a scroll of blinking {unknown}
Potions
 c - a potion of might
 g - 2 potions of heal wounds
 i - 2 potions of curing
 k - 3 potions of haste
 q - 2 potions of brilliance {unknown}
 w - a potion of agility {unknown}
 A - a potion of flight {unknown}
Books
 a - a book of Flames

   Spells                             Type                      Level
   a - Flame Tongue                   Conjuration/Fire             1
   b - Throw Flame                    Conjuration/Fire             2
   c - Conjure Flame                  Conjuration/Fire             3
   d - Inner Flame                    Hexes/Fire                   3
   e - Sticky Flame                   Conjuration/Fire             4
   f - Fireball                       Conjuration/Fire             5
 e - a book of Callings

   Spells                             Type                      Level
   a - Summon Small Mammal            Summoning                    1
   b - Call Imp                       Summoning                    2
   c - Call Canine Familiar           Summoning                    3
   d - Summon Guardian Golem          Hexes/Summoning              3
   e - Summon Lightning Spire         Summoning/Air                4
   f - Summon Ice Beast               Ice/Summoning                4
 D - a book of Frost

   Spells                             Type                      Level
   a - Freeze                         Ice                          1
   b - Throw Frost                    Conjuration/Ice              2
   c - Ozocubu's Armour               Charms/Ice                   3
   d - Throw Icicle                   Conjuration/Ice              4
   e - Summon Ice Beast               Ice/Summoning                4
Comestibles
 b - 6 bread rations
 j - 6 meat rations
 p - 2 royal jellies
 E - a chunk of flesh


   Skills:
 - Level 1.7 Dodging
 - Level 1.7 Stealth
 + Level 6.3 Spellcasting
 + Level 6.8 Conjurations
 + Level 8.1 Fire Magic


You had 6 spell levels left.
You knew the following spells:

 Your Spells              Type           Power        Failure   Level  Hunger
a - Flame Tongue          Conj/Fire      ####.        1%          1    None
b - Conjure Flame         Conj/Fire      ####....     1%          3    ##.....
c - Sticky Flame          Conj/Fire      ####....     5%          4    ####...
d - Fireball              Conj/Fire      ####......   16%         5    #####..


Dungeon Overview and Level Annotations

Branches:
Dungeon (8/15)             Temple (1/1) D:4
   Lair: D:8-11

Altars:
Cheibriados
Dithmenos
Elyvilon
Fedhas
Gozag
Hepliaklqana
Kikubaaqudgha
Makhleb
Nemelex Xobeh
Okawaru
Qazlal
Ru
Sif Muna
Trog
Uskayaw
Vehumet
Yredelemnul
Zin
The Shining One


Innate Abilities, Weirdness & Mutations

You can breathe blasts of scalding, opaque steam.
Your pale cyan-grey scales are hard. (AC +6)
You cannot fit into any form of body armour.
You are cold-blooded and may be slowed by cold attacks.


Message History

You climb downwards.
There is a stone staircase leading up here.
You fall through a shaft for 3 floors!
The shaft crumbles and collapses.
An iguana, a hydra, an ugly thing and a cyclops come into view.
The cyclops shouts!
The iguana hisses angrily.
The purple ugly thing gurgles horribly!
Found a glowing dagger.
Found a bloodstained altar of Trog.
Found an escape hatch in the ceiling.
The cyclops throws a large rock.
The large rock hits you!!
Ouch! That really hurt!
The iguana bites you.
Found 2 fruits.
You see here a large rock.
The iguana bites you!
* * * LOW HITPOINT WARNING * * *
The iguana closely misses you.
There is an escape hatch in the ceiling here.
The cyclops throws a large rock.
The large rock hits you!
You die...

#.................
#..................
#.................
#..............%..
##...C............
#.....D(.........
##.......l......#
..........u.....#
####......@.....#
#.............#
####..##..###..
##.# #.# #.# .# #.#
.. #. .# #.


You could see a four-headed hydra, a purple ugly thing, a cyclops and an iguana.

Vanquished Creatures
  A hippogriff (D:7)
  A hungry ghost (D:7)
  3 phantoms
  An ogre (D:3)
  The ghost of Dris the Digger, an amateur GrEE (D:3)
  A bullfrog (D:6)
  A scorpion (D:6)
  A killer bee (D:6)
  A wight (D:3)
  2 crimson imps (D:5)
  A hound (D:6)
  A jelly (D:5)
  3 orc priests
  A bullfrog skeleton (D:5)
  An iguana (D:7)
  A centaur skeleton (D:3)
  11 worker ants
  3 orc wizards
  7 gnolls
  8 adders
  2 shadow imps
  4 worms
  7 dart slugs
  A leopard gecko (D:3)
  14 orcs
  8 giant cockroaches
  7 hobgoblins
  16 jackals
  7 quokkas
  9 bats
  5 frilled lizards
  14 goblins
  8 kobolds
  A quokka skeleton (D:5)
  12 rats
165 creatures vanquished.

Notes
Turn   | Place    | Note
-------+----------+-------------------------------------------
     0 | D:1      | skittles the Draconian Fire Elementalist began the quest for the Orb.
     0 | D:1      | Reached XP level 1. HP: 14/14 MP: 3/3
   102 | D:1      | Reached XP level 2. HP: 14/20 MP: 1/5
   522 | D:1      | Reached XP level 3. HP: 26/26 MP: 1/6
   530 | D:1      | Learned a level 3 spell: Conjure Flame
  1146 | D:2      | Reached XP level 4. HP: 33/33 MP: 3/8
  1273 | D:2      | Reached skill level 4 in Fire Magic
  1428 | D:2      | Found a hide-covered altar of Uskayaw.
  1894 | D:2      | Learned a level 4 spell: Sticky Flame
  2023 | D:2      | Reached XP level 5. HP: 32/38 MP: 9/9
  2175 | D:3      | Found a faded altar of an unknown god.
  2374 | D:3      | Noticed Dris's ghost (amateur GrEE)
  2413 | D:3      | Killed Dris's ghost
  2652 | D:3      | Found a sacrificial altar of Ru.
  2653 | D:3      | Found a hazy altar of Hepliaklqana.
  2712 | D:3      | Reached XP level 6. HP: 18/45 MP: 1/11
  3178 | D:3      | Reached skill level 5 in Fire Magic
  3992 | D:3      | Your scales start taking on a pale cyan-grey colour.
  3992 | D:3      | Reached XP level 7. HP: 16/50 MP: 0/13
  4239 | D:4      | Found a staircase to the Ecumenical Temple.
  4245 | Temple   | Entered the Ecumenical Temple
  4271 | D:4      | Learned a level 5 spell: Fireball
  4408 | D:4      | Found a blossoming altar of Fedhas.
  4546 | D:4      | Found a white marble altar of Elyvilon.
  4953 | D:5      | Entered Level 5 of the Dungeon
  4981 | D:4      | Reached skill level 6 in Fire Magic
  6033 | D:5      | Reached skill level 5 in Conjurations
  6259 | D:6      | Reached skill level 5 in Spellcasting
  6757 | D:6      | Reached XP level 8. HP: 50/57 MP: 6/15
  6848 | D:6      | Found a runed door.
  6850 | D:6      | Found a runed door.
  6896 | D:6      | Reached skill level 7 in Fire Magic
  7240 | D:6      | Found a burning altar of Makhleb.
  7316 | D:6      | Found a deep blue altar of Sif Muna.
  7914 | D:7      | Found a sparkling altar of Nemelex Xobeh.
  8228 | D:7      | Found a radiant altar of Vehumet.
  8246 | D:7      | Became a worshipper of Vehumet
  8265 | D:7      | Noticed a hippogriff
  8280 | D:7      | Killed a hippogriff
  8462 | D:7      | Reached skill level 8 in Fire Magic
  8749 | D:8      | You fall through a shaft for 3 floors!
  8749 | D:11     | Found a bloodstained altar of Trog.
  8749 | D:11     | Noticed a cyclops
  8749 | D:11     | Noticed a four-headed hydra
  8749 | D:11     | Noticed a purple ugly thing
  8755 | D:11     | Hit by a large rock thrown by a cyclops

Skill      XL: |  1  2  3  4  5  6  7  8 |
---------------+-------------------------+-----
Conjurations   | 2 3 4 5 6 |  6.8
Fire Magic     | 4 5 6 8 |  8.1
Spellcasting   | 3 4 5 6 |  6.3
Dodging        | |  1.7
Stealth        | |  1.7

Action                   |  1- 3 |  4- 6 |  7- 9 || total
-------------------------+-------+-------+-------++-------
Melee: Dagger            |    24 |       |       ||    24
       Unarmed           |     6 |       |       ||     6
       Tailslap          |     8 |     9 |    21 ||    38
       Spear             |    47 |   188 |   328 ||   563
 Cast: Flame Tongue      |    34 |    62 |    53 ||   149
       Sticky Flame      |       |     4 |    25 ||    29
       Conjure Flame     |       |     1 |     2 ||     3
 Abil: Breathe Steam     |       |       |     1 ||     1
  Use: Scroll            |       |       |     7 ||     7
       Potion            |       |       |     1 ||     1
 Stab: Sleeping          |     1 |     4 |     3 ||     8
  Eat: Chunk             |     1 |     9 |    19 ||    29
       Royal jelly       |       |       |     1 ||     1
Armor: Skin              |    32 |    58 |    95 ||   185
Dodge: Dodged            |    69 |   118 |   214 ||   401
